Hartford Whalers vs Edmonton Oilers
Created - Sunday, April 30, 2023 at 07:01
Goals
|
| Hartford Whalers |
0 |
2 |
0 |
0 |
0 |
2 |
| Edmonton Oilers |
1 |
0 |
1 |
0 |
1 |
3 |
|
Shots
|
| Hartford Whalers |
11 |
14 |
12 |
0 |
3 |
37 |
| Edmonton Oilers |
12 |
20 |
12 |
0 |
2 |
44 |
|
1st period
1. Edmonton Oilers , Jamie Benn 16 (Jakub Voracek 10, Boone Jenner 31) at 18:22 (PP)
Penalties :
Anthony Mantha (HFD) for Interference (Minor) at 11:27, Josh Anderson (HFD) for Tripping (Minor) at 17:21
2nd period
2. Hartford Whalers , Casey Cizikas 3 (Paul Byron 3, Alexis Lafreniere 7) at 4:08
3. Hartford Whalers , Marcus Foligno 15 (Joshua Norris 28, Taylor Hall 25) at 4:40
Penalties :
Brandon Carlo (EDM) for Interference (Minor) at 9:59
3rd period
4. Edmonton Oilers , Mikael Backlund 6 (Brock Boeser 10) at 4:49
Penalties :
No Penalty
Overtime #1
No Goal
Penalties :
No Penalty
Shootout
Hartford Whalers, Brett Howden - Shot Misses the Net
Edmonton Oilers, Boone Jenner - Shot Hit the Post
Hartford Whalers, Taylor Hall - Stopped by Juuse Saros
Edmonton Oilers, Anthony Duclair - Goal!
Hartford Whalers, Marcus Foligno - Shot Misses the Net
Penalties :
No Penalty
Goalie Stats
Anton Forsberg (HFD), 42 saves from 44 shots - (0.955), OTL, 10-8-2, 65:00 minutes
Juuse Saros (EDM), 35 saves from 37 shots - (0.946), W, 15-9-0, 65:00 minutes
Players Stats for Hartford Whalers
Player Name G A P +/- PIM S H SB GA TA FO MP PP MP PK MP
------------------------------------------------------------------------------------
Alec Martinez 0 0 0 0 0 1 1 3 0 0 0/0 17:55 0:00 0:00
Alexander Wennberg 0 0 0 -1 0 4 1 0 0 0 6/17 15:16 0:55 0:00
Alexis Lafreniere 0 1 1 1 0 4 1 0 0 0 0/0 16:59 0:03 0:00
Anthony Mantha 0 0 0 -1 2 3 2 0 3 0 0/2 16:06 0:55 0:00
Brett Howden 0 0 0 0 0 3 0 1 0 0 1/1 13:15 0:03 1:19
Casey Cizikas 1 0 1 1 0 3 0 0 0 0 7/13 17:39 0:00 1:28
Haydn Fleury 0 0 0 0 0 1 0 3 0 0 0/0 17:55 0:00 0:00
Jaccob Slavin 0 0 0 0 0 1 0 4 0 2 0/0 23:58 1:11 1:40
Josh Anderson 0 0 0 -1 2 0 2 1 0 0 0/1 15:22 0:55 0:00
Joshua Norris 0 1 1 1 0 2 0 0 0 0 1/14 16:11 1:01 0:00
Kevin Labanc 0 0 0 0 0 1 0 0 0 0 0/0 10:19 0:03 0:13
Marcus Foligno 1 0 1 1 0 1 2 1 0 1 2/3 17:22 1:01 0:00
Michael Raffl 0 0 0 0 0 2 0 1 1 0 0/3 13:59 0:00 1:28
Paul Byron 0 1 1 1 0 4 2 0 1 0 0/1 16:54 0:00 1:32
Taylor Hall 0 1 1 1 0 2 1 1 0 0 0/3 17:36 1:01 0:00
Thomas Chabot 0 0 0 0 0 4 1 0 0 0 0/0 23:58 1:11 1:40
Torey Krug 0 0 0 1 0 1 0 0 0 0 0/0 23:07 0:48 1:20
Trevor van Riemsdyk 0 0 0 1 0 0 1 2 0 1 0/0 23:07 0:48 1:20
Players Stats for Edmonton Oilers
Player Name G A P +/- PIM S H SB GA TA FO MP PP MP PK MP
------------------------------------------------------------------------------------
Adrian Kempe 0 0 0 -1 0 3 2 0 1 0 0/0 22:45 1:01 0:00
Alex Iafallo 0 0 0 0 0 1 1 1 1 0 0/0 14:00 0:05 1:00
Anthony Duclair 0 0 0 -1 0 1 1 1 2 0 0/0 22:19 1:03 0:00
Boone Jenner 0 1 1 0 0 4 3 0 0 1 21/28 18:39 2:02 0:59
Brandon Carlo 0 0 0 0 2 2 3 2 0 1 0/0 20:12 0:00 0:00
Brett Pesce 0 0 0 -2 0 5 1 0 0 1 0/0 27:56 0:00 1:10
Brock Boeser 0 1 1 0 0 0 1 0 0 0 2/2 14:13 0:53 0:00
Cam Atkinson 0 0 0 0 0 7 0 0 0 0 0/0 17:41 1:57 0:06
Damon Severson 0 0 0 -2 0 2 1 1 0 0 0/0 22:48 1:03 1:00
Duncan Keith 0 0 0 0 0 0 0 0 0 1 0/0 17:59 0:00 0:36
Erik Johnson 0 0 0 1 0 1 1 0 0 0 0/0 20:19 0:00 1:12
Evan Bouchard 0 0 0 1 0 0 1 3 0 1 0/0 17:24 1:57 0:00
Jakub Voracek 0 1 1 0 0 0 0 0 0 0 0/0 9:13 1:54 0:00
Jamie Benn 1 0 1 0 0 10 1 0 0 0 4/5 19:55 2:02 0:00
Mikael Backlund 1 0 1 0 0 2 1 1 0 0 5/8 15:44 0:05 1:00
Paul Stastny 0 0 0 0 0 4 1 0 0 0 0/0 8:39 0:05 0:00
Ryan Getzlaf 0 0 0 -1 0 2 1 0 0 0 5/11 20:02 0:53 0:00
Sean Kuraly 0 0 0 0 0 0 2 0 0 0 4/4 8:12 0:00 0:53
3 Stars
1 - Anton Forsberg (HFD)
2 - Juuse Saros (EDM)
3 - Marcus Foligno (HFD)
Power Play
Hartford Whalers - 0 on 1 Attempt(s) - 0.00%
Edmonton Oilers - 1 on 2 Attempt(s) - 50.00%
Penalty Kill
Hartford Whalers - 1 on 2 Attempt(s) - 50.00%
- Score 0 goal in Penalty Kill
Edmonton Oilers - 1 on 1 Attempt(s) - 100.00%
- Score 0 goal in Penalty Kill
Team Stat
Hartford Whalers - Hits : 14 - Faceoff Wins : 17 - Blocked Shots : 17 - Penalty Minutes : 4
Edmonton Oilers - Hits : 21 - Faceoff Wins : 41 - Blocked Shots : 9 - Penalty Minutes : 2
Official
Referees : Tom Kowal and Trevor Hanson
Linesman : Don Henderson and Brian Mach
Game Notes
Joshua Norris is injured at 1:23 of 1st overtime period (Left Hip)
Finance
Level 1 -- Attendance: 5521 (92.02%) -- Ticket Income $535,537
Level 2 -- Attendance: 4908 (98.16%) -- Ticket Income $279,756
Level 3 -- Attendance: 2634 (87.80%) -- Ticket Income $89,556
Level 4 -- Attendance: 4848 (96.96%) -- Ticket Income $111,504
Luxury Box -- Attendance: 870 (87.00%) -- Ticket Income $167,040
Game was played at the Rexall Place.
Total Attendance: 18781 (93.91%)
Total Ticket Income: $1,183,393
Other Income: $414,188
Total Income: $1,597,581
Hartford Whalers
5 vs 5 Forward
Center Left Wing Right Wing Time % Phy DF OF
1 Joshua Norris Taylor Hall Marcus Foligno 30 1 2 2
2 Alexander Wennberg Josh Anderson Anthony Mantha 30 1 2 2
3 Casey Cizikas Alexis Lafreniere Paul Byron 25 1 2 2
4 Michael Raffl Kevin Labanc Brett Howden 15 1 2 2
5 vs 5 Defense
Defense Defense Time % Phy DF OF
1 Jaccob Slavin Thomas Chabot 35 1 2 2
2 Torey Krug Trevor van Riemsdyk 35 1 2 2
3 Alec Martinez Haydn Fleury 30 1 2 2
4 Jaccob Slavin Thomas Chabot 0 1 2 2
PowerPlay Forward
Center Left Wing Right Wing Time % Phy DF OF
1 Joshua Norris Taylor Hall Marcus Foligno 50 1 2 2
2 Alexander Wennberg Anthony Mantha Josh Anderson 50 1 2 2
PowerPlay Defense
Defense Defense Time % Phy DF OF
1 Jaccob Slavin Thomas Chabot 50 1 2 2
2 Torey Krug Trevor van Riemsdyk 50 1 2 2
Penalty Kill 4 Players Forward
Center Wing Time % Phy DF OF
1 Casey Cizikas Michael Raffl 50 1 2 2
2 Paul Byron Brett Howden 50 1 2 2
Penalty Kill 4 Players Defense
Defense Defense Time % Phy DF OF
1 Thomas Chabot Jaccob Slavin 50 1 2 2
2 Trevor van Riemsdyk Torey Krug 50 1 2 2
Penalty Kill - 3 Players Forward
Forward Time % Phy DF OF
1 Casey Cizikas 50 1 2 2
2 Michael Raffl 50 1 2 2
Penalty Kill - 3 Players Defense
Defense Defense Time % Phy DF OF
1 Thomas Chabot Jaccob Slavin 50 1 2 2
2 Haydn Fleury Alec Martinez 50 1 2 2
4 vs 4 Forward
Center Wing Time % Phy DF OF
1 Taylor Hall Joshua Norris 50 1 2 2
2 Marcus Foligno Michael Raffl 50 1 2 2
4 vs 4 Defense
Defense Defense Time % Phy DF OF
1 Jaccob Slavin Thomas Chabot 50 1 2 2
2 Alec Martinez Haydn Fleury 50 1 2 2
Last Minutes Offensive
Center Left Wing Right Wing Defense Defense
Joshua Norris Taylor Hall Marcus Foligno Jaccob Slavin Thomas Chabot
Last Minutes Defensive
Center Left Wing Right Wing Defense Defense
Casey Cizikas Michael Raffl Paul Byron Jaccob Slavin Thomas Chabot
Goaltenders
Starting : Anton Forsberg
Backup : Logan Thompson
Extra Forwards
Normal : Brett Howden, Joshua Norris, Taylor Hall - PP : Marcus Foligno, Alexander Wennberg - PK : Kevin Labanc
Extra Defensemen
Normal : Thomas Chabot, Jaccob Slavin, Torey Krug - PP : Thomas Chabot - PK : Alec Martinez, Jaccob Slavin
Penalty Shots
Brett Howden, Joshua Norris, Taylor Hall, Marcus Foligno, Alexander Wennberg
Edmonton Oilers
5 vs 5 Forward
Center Left Wing Right Wing Time % Phy DF OF
1 Boone Jenner Jamie Benn Cam Atkinson 35 0 2 3
2 Ryan Getzlaf Anthony Duclair Adrian Kempe 34 0 2 3
3 Mikael Backlund Alex Iafallo Brock Boeser 21 0 2 3
4 Sean Kuraly Paul Stastny Jakub Voracek 10 1 2 2
5 vs 5 Defense
Defense Defense Time % Phy DF OF
1 Damon Severson Brett Pesce 35 0 3 2
2 Duncan Keith Brandon Carlo 31 0 4 1
3 Erik Johnson Evan Bouchard 22 1 2 2
4 Erik Johnson Brett Pesce 12 1 4 0
PowerPlay Forward
Center Left Wing Right Wing Time % Phy DF OF
1 Boone Jenner Jamie Benn Adrian Kempe 60 0 0 5
2 Ryan Getzlaf Jakub Voracek Brock Boeser 40 0 0 5
PowerPlay Defense
Defense Defense Time % Phy DF OF
1 Damon Severson Anthony Duclair 60 0 1 4
2 Evan Bouchard Cam Atkinson 40 0 1 4
Penalty Kill 4 Players Forward
Center Wing Time % Phy DF OF
1 Boone Jenner Sean Kuraly 50 1 4 0
2 Mikael Backlund Alex Iafallo 50 1 4 0
Penalty Kill 4 Players Defense
Defense Defense Time % Phy DF OF
1 Erik Johnson Brett Pesce 60 1 4 0
2 Damon Severson Brandon Carlo 40 1 4 0
Penalty Kill - 3 Players Forward
Forward Time % Phy DF OF
1 Boone Jenner 50 0 5 0
2 Mikael Backlund 50 0 5 0
Penalty Kill - 3 Players Defense
Defense Defense Time % Phy DF OF
1 Erik Johnson Brett Pesce 50 1 4 0
2 Damon Severson Brandon Carlo 50 1 4 0
4 vs 4 Forward
Center Wing Time % Phy DF OF
1 Jamie Benn Adrian Kempe 57 0 2 3
2 Mikael Backlund Anthony Duclair 43 0 2 3
4 vs 4 Defense
Defense Defense Time % Phy DF OF
1 Damon Severson Brett Pesce 56 0 3 2
2 Evan Bouchard Brandon Carlo 44 0 2 3
Last Minutes Offensive
Center Left Wing Right Wing Defense Defense
Boone Jenner Jamie Benn Adrian Kempe Damon Severson Evan Bouchard
Last Minutes Defensive
Center Left Wing Right Wing Defense Defense
Boone Jenner Sean Kuraly Mikael Backlund Erik Johnson Brett Pesce
Goaltenders
Starting : Juuse Saros
Backup : Matt Murray
Extra Forwards
Normal : Adrian Kempe, Brock Boeser, Paul Stastny - PP : Jakub Voracek, Paul Stastny - PK : Cam Atkinson
Extra Defensemen
Normal : Duncan Keith, Evan Bouchard, Damon Severson - PP : Duncan Keith - PK : Damon Severson, Duncan Keith
Penalty Shots
Boone Jenner, Anthony Duclair, Adrian Kempe, Cam Atkinson, Jakub Voracek
% Time on Ice - Hartford Whalers
Lines # - Real PCT - Wanted PCT - Time Play
Normal Forward
1 - 28% - 30% - 15:15
2 - 27% - 30% - 14:41
3 - 28% - 25% - 15:22
4 - 18% - 15% - 9:43
Normal Defense
1 - 34% - 35% - 18:33
2 - 38% - 35% - 20:43
3 - 28% - 30% - 15:32
4 - 0% - 0% - 0:13
PP Forward
1 - 51% - 50% - 1:01
2 - 49% - 50% - 0:58
PP Defense
1 - 60% - 50% - 1:11
2 - 40% - 50% - 0:48
PK Forward
1 - 49% - 50% - 1:28
2 - 51% - 50% - 1:32
PK Defense
1 - 56% - 50% - 1:40
2 - 44% - 50% - 1:20
PK3 Forward
1 - 0% - 50%
2 - 0% - 50%
PK3 Defense
1 - 0% - 50%
2 - 0% - 50%
44 Forward
1 - 61% - 50% - 3:03
2 - 39% - 50% - 1:57
44 Defense
1 - 52% - 50% - 2:37
2 - 48% - 50% - 2:23
Last Minute Offensive - 0:00
Last Minute Defensive - 0:00
Total
Forward - 65:00
Defense - 65:00
|
% Time on Ice - Edmonton Oilers
Lines # - Real PCT - Wanted PCT - Time Play
Normal Forward
1 - 29% - 35% - 15:51
2 - 35% - 34% - 19:29
3 - 22% - 21% - 12:22
4 - 13% - 10% - 7:19
Normal Defense
1 - 33% - 35% - 18:12
2 - 31% - 31% - 17:01
3 - 24% - 22% - 12:58
4 - 12% - 12% - 6:50
PP Forward
1 - 71% - 60% - 2:07
2 - 29% - 40% - 0:53
PP Defense
1 - 35% - 60% - 1:03
2 - 65% - 40% - 1:57
PK Forward
1 - 50% - 50% - 0:59
2 - 50% - 50% - 1:00
PK Defense
1 - 50% - 60% - 0:59
2 - 50% - 40% - 1:00
PK3 Forward
1 - 0% - 50%
2 - 0% - 50%
PK3 Defense
1 - 0% - 50%
2 - 0% - 50%
44 Forward
1 - 65% - 57% - 3:16
2 - 35% - 43% - 1:44
44 Defense
1 - 50% - 56% - 2:31
2 - 50% - 44% - 2:29
Last Minute Offensive - 0:00
Last Minute Defensive - 0:00
Total
Forward - 65:00
Defense - 65:00
|
Play-by-Play
1st period
0:01 of 1st period - Boone Jenner wins face-off versus Joshua Norris in neutral zone.
0:05 of 1st period - Off-side.
0:06 of 1st period - Jamie Benn wins face-off versus Taylor Hall in neutral zone.
0:11 of 1st period - Snap shot by Jamie Benn.
0:11 of 1st period - Deflect By Thomas Chabot.
0:11 of 1st period - Stopped by Anton Forsberg with a rebound.
0:32 of 1st period - Off-side.
0:33 of 1st period - Ryan Getzlaf wins face-off versus Alexander Wennberg in neutral zone.
0:46 of 1st period - Snap shot by Adrian Kempe.
0:46 of 1st period - Stopped by Anton Forsberg without a rebound.
0:47 of 1st period - Mikael Backlund wins face-off versus Casey Cizikas in Hartford Whalers zone.
0:56 of 1st period - Snap shot by Brock Boeser.
0:56 of 1st period - Shot Misses the Net.
1:03 of 1st period - Icing by Haydn Fleury.
1:04 of 1st period - Sean Kuraly wins face-off versus Paul Byron in Hartford Whalers zone.
1:07 of 1st period - Snap shot by Paul Stastny.
1:07 of 1st period - Shot Blocked by Alec Martinez.
3:16 of 1st period - Duncan Keith is hit by Anthony Mantha and loses puck.
3:41 of 1st period - Snap shot by Brock Boeser.
3:41 of 1st period - Shot Misses the Net.
4:01 of 1st period - Snap shot by Paul Stastny.
4:01 of 1st period - Stopped by Anton Forsberg without a rebound.
4:02 of 1st period - Sean Kuraly wins face-off versus Alexander Wennberg in Hartford Whalers zone.
4:31 of 1st period - Snap shot by Adrian Kempe.
4:31 of 1st period - Shot Misses the Net.
4:33 of 1st period - Slapshot by Ryan Getzlaf.
4:33 of 1st period - Stopped by Anton Forsberg without a rebound.
4:34 of 1st period - Ryan Getzlaf wins face-off versus Michael Raffl in Hartford Whalers zone.
5:15 of 1st period - Wrist shot by Anthony Duclair.
5:15 of 1st period - Shot Blocked by Trevor van Riemsdyk.
5:17 of 1st period - Snap shot by Adrian Kempe.
5:17 of 1st period - Shot Misses the Net.
6:21 of 1st period - Wrist shot by Adrian Kempe.
6:21 of 1st period - Shot Misses the Net.
6:31 of 1st period - Snap shot by Thomas Chabot.
6:31 of 1st period - Deflect By Brett Howden.
6:31 of 1st period - Stopped by Juuse Saros with a rebound.
6:33 of 1st period - Snap shot by Brett Howden.
6:33 of 1st period - Shot Misses the Net.
6:50 of 1st period - Wrist shot by Brett Howden.
6:50 of 1st period - Shot Misses the Net.
7:19 of 1st period - Wrist shot by Thomas Chabot.
7:19 of 1st period - Stopped by Juuse Saros with a rebound.
7:21 of 1st period - Slapshot by Jaccob Slavin.
7:21 of 1st period - Shot Blocked by Damon Severson.
7:31 of 1st period - Snap shot by Brett Howden.
7:31 of 1st period - Stopped by Juuse Saros without a rebound.
7:32 of 1st period - Boone Jenner wins face-off versus Joshua Norris in Edmonton Oilers zone.
7:43 of 1st period - Snap shot by Jamie Benn.
7:43 of 1st period - Stopped by Anton Forsberg with a rebound.
7:45 of 1st period - Slapshot by Jamie Benn.
7:45 of 1st period - Stopped by Anton Forsberg with a rebound.
7:47 of 1st period - Slapshot by Erik Johnson.
7:47 of 1st period - Stopped by Anton Forsberg without a rebound.
7:48 of 1st period - Alexander Wennberg wins face-off versus Mikael Backlund in Hartford Whalers zone.
8:04 of 1st period - Alex Iafallo is hit by Josh Anderson and loses puck.
8:23 of 1st period - Icing by Paul Byron.
8:24 of 1st period - Boone Jenner wins face-off versus Casey Cizikas in Hartford Whalers zone.
8:25 of 1st period - Slapshot by Jamie Benn.
8:25 of 1st period - Stopped by Anton Forsberg with a rebound.
8:33 of 1st period - Snap shot by Cam Atkinson.
8:33 of 1st period - Stopped by Anton Forsberg with a rebound.
8:51 of 1st period - Trevor van Riemsdyk is hit by Brandon Carlo and loses puck.
9:00 of 1st period - Snap shot by Paul Stastny.
9:00 of 1st period - Shot Misses the Net.
9:04 of 1st period - Slapshot by Paul Stastny.
9:04 of 1st period - Shot Misses the Net.
9:27 of 1st period - Wrist shot by Paul Byron.
9:27 of 1st period - Shot Blocked by Evan Bouchard.
9:29 of 1st period - Backhand shot by Casey Cizikas.
9:29 of 1st period - Stopped by Juuse Saros with a rebound.
9:33 of 1st period - Wrist shot by Paul Byron.
9:33 of 1st period - Stopped by Juuse Saros with a rebound.
9:41 of 1st period - Wrist shot by Alexis Lafreniere.
9:41 of 1st period - Shot Blocked by Mikael Backlund.
9:43 of 1st period - Snap shot by Alexis Lafreniere.
9:43 of 1st period - Shot Blocked by Alex Iafallo.
9:45 of 1st period - Wrist shot by Casey Cizikas.
9:45 of 1st period - Shot Hit the Post.
9:47 of 1st period - Slapshot by Thomas Chabot.
9:47 of 1st period - Stopped by Juuse Saros with a rebound.
9:49 of 1st period - Slapshot by Thomas Chabot.
9:49 of 1st period - Stopped by Juuse Saros without a rebound.
9:50 of 1st period - Boone Jenner wins face-off versus Joshua Norris in Edmonton Oilers zone.
10:09 of 1st period - Marcus Foligno is hit by Brandon Carlo and loses puck.
10:24 of 1st period - Slapshot by Anthony Mantha.
10:24 of 1st period - Shot Misses the Net.
10:26 of 1st period - Slapshot by Alec Martinez.
10:26 of 1st period - Stopped by Juuse Saros without a rebound.
10:27 of 1st period - Brock Boeser wins face-off versus Josh Anderson in Edmonton Oilers zone.
10:55 of 1st period - Icing by Cam Atkinson.
10:56 of 1st period - Boone Jenner wins face-off versus Taylor Hall in Edmonton Oilers zone.
11:05 of 1st period - Joshua Norris is hit by Boone Jenner and loses puck.
11:22 of 1st period - Slapshot by Jamie Benn.
11:22 of 1st period - Stopped by Anton Forsberg without a rebound.
11:23 of 1st period - Brock Boeser wins face-off versus Alexander Wennberg in Hartford Whalers zone.
11:27 of 1st period - Minor Penalty to Anthony Mantha for Interference.
11:28 of 1st period - Boone Jenner wins face-off versus Casey Cizikas in Hartford Whalers zone.
11:55 of 1st period - Ryan Getzlaf is hit by Paul Byron and loses puck.
13:27 of 1st period - Penalty to Anthony Mantha is over, Anthony Mantha is back on ice.
13:42 of 1st period - Slapshot by Anthony Mantha.
13:42 of 1st period - Stopped by Juuse Saros with a rebound.
13:53 of 1st period - Icing by Alec Martinez.
13:54 of 1st period - Mikael Backlund wins face-off versus Casey Cizikas in Hartford Whalers zone.
14:17 of 1st period - Slapshot by Boone Jenner.
14:17 of 1st period - Deflect By Cam Atkinson.
14:17 of 1st period - Shot Misses the Net.
14:17 of 1st period - Puck is out of play.
14:18 of 1st period - Boone Jenner wins face-off versus Joshua Norris in Hartford Whalers zone.
14:19 of 1st period - Slapshot by Jamie Benn.
14:19 of 1st period - Shot Misses the Net.
14:35 of 1st period - Cam Atkinson is hit by Marcus Foligno and loses puck.
14:54 of 1st period - Snap shot by Adrian Kempe.
14:54 of 1st period - Shot Misses the Net.
14:56 of 1st period - Slapshot by Brett Pesce.
14:56 of 1st period - Stopped by Anton Forsberg without a rebound.
14:57 of 1st period - Brett Howden wins face-off versus Mikael Backlund in Hartford Whalers zone.
15:44 of 1st period - Off-side.
15:45 of 1st period - Ryan Getzlaf wins face-off versus Joshua Norris in neutral zone.
16:15 of 1st period - Marcus Foligno is hit by Adrian Kempe.
17:09 of 1st period - Off-side.
17:10 of 1st period - Boone Jenner wins face-off versus Alexander Wennberg in neutral zone.
17:19 of 1st period - Backhand shot by Cam Atkinson.
17:19 of 1st period - Shot Blocked by Trevor van Riemsdyk.
17:21 of 1st period - Minor Penalty to Josh Anderson for Tripping.
17:22 of 1st period - Casey Cizikas wins face-off versus Boone Jenner in Hartford Whalers zone.
17:53 of 1st period - Snap shot by Casey Cizikas.
17:53 of 1st period - Shot Blocked by Evan Bouchard.
18:22 of 1st period - Wrist shot by Jamie Benn.
18:22 of 1st period - Goal by Jamie Benn - Hartford Whalers : 0 - Edmonton Oilers : 1.
18:23 of 1st period - Mikael Backlund wins face-off versus Alexander Wennberg in neutral zone.
18:56 of 1st period - Wrist shot by Taylor Hall.
18:56 of 1st period - Stopped by Juuse Saros with a rebound.
19:19 of 1st period - Slapshot by Alexis Lafreniere.
19:19 of 1st period - Shot Misses the Net.
19:39 of 1st period - Wrist shot by Michael Raffl.
19:39 of 1st period - Stopped by Juuse Saros with a rebound.
19:57 of 1st period - Josh Anderson is hit by Sean Kuraly and loses puck.
Goals for this period are 0 for Hartford Whalers vs 1 for Edmonton Oilers.
Shots for this period are 11 for Hartford Whalers vs 12 for Edmonton Oilers.
2nd period
0:01 of 2nd period - Alexander Wennberg wins face-off versus Boone Jenner in neutral zone.
0:08 of 2nd period - Wrist shot by Alexander Wennberg.
0:08 of 2nd period - Stopped by Juuse Saros without a rebound.
0:09 of 2nd period - Boone Jenner wins face-off versus Alexander Wennberg in Edmonton Oilers zone.
0:40 of 2nd period - Snap shot by Cam Atkinson.
0:40 of 2nd period - Shot Misses the Net.
0:42 of 2nd period - Snap shot by Boone Jenner.
0:42 of 2nd period - Shot Blocked by Jaccob Slavin.
1:06 of 2nd period - Wrist shot by Cam Atkinson.
1:06 of 2nd period - Stopped by Anton Forsberg with a rebound.
1:08 of 2nd period - Snap shot by Cam Atkinson.
1:08 of 2nd period - Shot Misses the Net.
1:10 of 2nd period - Slapshot by Boone Jenner.
1:10 of 2nd period - Stopped by Anton Forsberg without a rebound.
1:11 of 2nd period - Casey Cizikas wins face-off versus Ryan Getzlaf in Hartford Whalers zone.
1:13 of 2nd period - Icing by Paul Byron.
1:14 of 2nd period - Casey Cizikas wins face-off versus Ryan Getzlaf in Hartford Whalers zone.
1:19 of 2nd period - Wrist shot by Paul Byron.
1:19 of 2nd period - Deflect By Casey Cizikas.
1:19 of 2nd period - Stopped by Juuse Saros without a rebound.
1:20 of 2nd period - Casey Cizikas wins face-off versus Ryan Getzlaf in Edmonton Oilers zone.
1:31 of 2nd period - Slapshot by Alexis Lafreniere.
1:31 of 2nd period - Shot Misses the Net.
1:58 of 2nd period - Slapshot by Torey Krug.
1:58 of 2nd period - Stopped by Juuse Saros without a rebound.
1:59 of 2nd period - Boone Jenner wins face-off versus Alexander Wennberg in Edmonton Oilers zone.
2:06 of 2nd period - Wrist shot by Cam Atkinson.
2:06 of 2nd period - Stopped by Anton Forsberg with a rebound.
2:08 of 2nd period - Wrist shot by Jamie Benn.
2:08 of 2nd period - Shot Misses the Net.
2:14 of 2nd period - Snap shot by Cam Atkinson.
2:14 of 2nd period - Stopped by Anton Forsberg with a rebound.
2:16 of 2nd period - Slapshot by Boone Jenner.
2:16 of 2nd period - Stopped by Anton Forsberg with a rebound.
2:26 of 2nd period - Thomas Chabot is hit by Brett Pesce and loses puck.
3:08 of 2nd period - Brett Howden is hit by Brandon Carlo and loses puck.
3:31 of 2nd period - Brandon Carlo is hit by Anthony Mantha and loses puck.
3:52 of 2nd period - Slapshot by Casey Cizikas.
3:52 of 2nd period - Deflect By Alexis Lafreniere.
3:52 of 2nd period - Stopped by Juuse Saros without a rebound.
3:53 of 2nd period - Mikael Backlund wins face-off versus Casey Cizikas in Edmonton Oilers zone.
4:06 of 2nd period - Wrist shot by Paul Byron.
4:06 of 2nd period - Stopped by Juuse Saros with a rebound.
4:08 of 2nd period - Snap shot by Casey Cizikas.
4:08 of 2nd period - Goal by Casey Cizikas - Hartford Whalers : 1 - Edmonton Oilers : 1.
4:09 of 2nd period - Boone Jenner wins face-off versus Alexander Wennberg in neutral zone.
4:26 of 2nd period - Snap shot by Boone Jenner.
4:26 of 2nd period - Shot Misses the Net.
4:38 of 2nd period - Snap shot by Joshua Norris.
4:38 of 2nd period - Shot Misses the Net.
4:40 of 2nd period - Snap shot by Marcus Foligno.
4:40 of 2nd period - Goal by Marcus Foligno - Hartford Whalers : 2 - Edmonton Oilers : 1.
4:41 of 2nd period - Alexander Wennberg wins face-off versus Boone Jenner in neutral zone.
5:08 of 2nd period - Paul Byron is hit by Evan Bouchard.
5:50 of 2nd period - Torey Krug is hit by Paul Stastny and loses puck.
7:05 of 2nd period - Snap shot by Joshua Norris.
7:05 of 2nd period - Shot Misses the Net.
7:39 of 2nd period - Boone Jenner is hit by Trevor van Riemsdyk and loses puck.
7:44 of 2nd period - Snap shot by Anthony Mantha.
7:44 of 2nd period - Stopped by Juuse Saros with a rebound.
7:46 of 2nd period - Slapshot by Jaccob Slavin.
7:46 of 2nd period - Stopped by Juuse Saros without a rebound.
7:47 of 2nd period - Joshua Norris wins face-off versus Boone Jenner in Edmonton Oilers zone.
8:52 of 2nd period - Wrist shot by Jakub Voracek.
8:52 of 2nd period - Shot Blocked by Brett Howden.
8:54 of 2nd period - Slapshot by Damon Severson.
8:54 of 2nd period - Stopped by Anton Forsberg with a rebound.
8:56 of 2nd period - Snap shot by Paul Stastny.
8:56 of 2nd period - Stopped by Anton Forsberg without a rebound.
8:57 of 2nd period - Sean Kuraly wins face-off versus Joshua Norris in Hartford Whalers zone.
9:00 of 2nd period - Snap shot by Paul Stastny.
9:00 of 2nd period - Stopped by Anton Forsberg without a rebound.
9:01 of 2nd period - Boone Jenner wins face-off versus Joshua Norris in Hartford Whalers zone.
9:02 of 2nd period - Snap shot by Jamie Benn.
9:02 of 2nd period - Stopped by Anton Forsberg with a rebound.
9:04 of 2nd period - Slapshot by Brandon Carlo.
9:04 of 2nd period - Stopped by Anton Forsberg without a rebound.
9:05 of 2nd period - Boone Jenner wins face-off versus Joshua Norris in Hartford Whalers zone.
9:06 of 2nd period - Slapshot by Cam Atkinson.
9:06 of 2nd period - Shot Misses the Net.
9:08 of 2nd period - Backhand shot by Duncan Keith.
9:08 of 2nd period - Shot Blocked by Haydn Fleury.
9:10 of 2nd period - Slapshot by Boone Jenner.
9:10 of 2nd period - Shot Blocked by Alec Martinez.
9:12 of 2nd period - Slapshot by Brandon Carlo.
9:12 of 2nd period - Shot Blocked by Haydn Fleury.
9:14 of 2nd period - Wrist shot by Boone Jenner.
9:14 of 2nd period - Stopped by Anton Forsberg without a rebound.
9:15 of 2nd period - Alexander Wennberg wins face-off versus Boone Jenner in Hartford Whalers zone.
9:59 of 2nd period - Minor Penalty to Brandon Carlo for Interference.
10:00 of 2nd period - Boone Jenner wins face-off versus Joshua Norris in Edmonton Oilers zone.
10:33 of 2nd period - Snap shot by Thomas Chabot.
10:33 of 2nd period - Shot Misses the Net.
10:35 of 2nd period - Snap shot by Anthony Mantha.
10:35 of 2nd period - Deflect By Alexander Wennberg.
10:35 of 2nd period - Stopped by Juuse Saros with a rebound.
11:59 of 2nd period - Penalty to Brandon Carlo is over, Brandon Carlo is back on ice.
12:16 of 2nd period - Snap shot by Adrian Kempe.
12:16 of 2nd period - Shot Misses the Net.
12:18 of 2nd period - Snap shot by Mikael Backlund.
12:18 of 2nd period - Stopped by Anton Forsberg without a rebound.
12:19 of 2nd period - Casey Cizikas wins face-off versus Ryan Getzlaf in Hartford Whalers zone.
12:24 of 2nd period - Backhand shot by Paul Byron.
12:24 of 2nd period - Shot Misses the Net.
13:11 of 2nd period - Slapshot by Jamie Benn.
13:11 of 2nd period - Stopped by Anton Forsberg without a rebound.
13:12 of 2nd period - Ryan Getzlaf wins face-off versus Joshua Norris in Hartford Whalers zone.
13:17 of 2nd period - Snap shot by Adrian Kempe.
13:17 of 2nd period - Stopped by Anton Forsberg with a rebound.
13:19 of 2nd period - Snap shot by Brett Pesce.
13:19 of 2nd period - Stopped by Anton Forsberg without a rebound.
13:20 of 2nd period - Ryan Getzlaf wins face-off versus Joshua Norris in Hartford Whalers zone.
13:27 of 2nd period - Snap shot by Anthony Duclair.
13:27 of 2nd period - Shot Misses the Net.
13:39 of 2nd period - Snap shot by Adrian Kempe.
13:39 of 2nd period - Shot Misses the Net.
13:41 of 2nd period - Snap shot by Brett Pesce.
13:41 of 2nd period - Stopped by Anton Forsberg with a rebound.
13:43 of 2nd period - Slapshot by Damon Severson.
13:43 of 2nd period - Shot Blocked by Taylor Hall.
14:27 of 2nd period - Wrist shot by Ryan Getzlaf.
14:27 of 2nd period - Shot Misses the Net.
14:51 of 2nd period - Snap shot by Anthony Duclair.
14:51 of 2nd period - Stopped by Anton Forsberg with a rebound.
14:53 of 2nd period - Slapshot by Brett Pesce.
14:53 of 2nd period - Shot Misses the Net.
14:55 of 2nd period - Snap shot by Damon Severson.
14:55 of 2nd period - Shot Blocked by Marcus Foligno.
14:57 of 2nd period - Slapshot by Damon Severson.
14:57 of 2nd period - Stopped by Anton Forsberg without a rebound.
14:58 of 2nd period - Boone Jenner wins face-off versus Casey Cizikas in Hartford Whalers zone.
15:47 of 2nd period - Snap shot by Brett Howden.
15:47 of 2nd period - Shot Blocked by Evan Bouchard.
15:49 of 2nd period - Wrist shot by Brett Howden.
15:49 of 2nd period - Stopped by Juuse Saros with a rebound.
15:51 of 2nd period - Slapshot by Haydn Fleury.
15:51 of 2nd period - Stopped by Juuse Saros with a rebound.
15:57 of 2nd period - Wrist shot by Michael Raffl.
15:57 of 2nd period - Stopped by Juuse Saros with a rebound.
17:20 of 2nd period - Alexander Wennberg is hit by Erik Johnson and loses puck.
17:31 of 2nd period - Josh Anderson is hit by Brock Boeser and loses puck.
17:46 of 2nd period - Trevor van Riemsdyk is hit by Jamie Benn and loses puck.
18:07 of 2nd period - Wrist shot by Joshua Norris.
18:07 of 2nd period - Stopped by Juuse Saros without a rebound.
18:08 of 2nd period - Marcus Foligno wins face-off versus Boone Jenner in Edmonton Oilers zone.
18:19 of 2nd period - Wrist shot by Cam Atkinson.
18:19 of 2nd period - Stopped by Anton Forsberg with a rebound.
18:40 of 2nd period - Slapshot by Alex Iafallo.
18:40 of 2nd period - Stopped by Anton Forsberg without a rebound.
18:41 of 2nd period - Jamie Benn wins face-off versus Alexander Wennberg in Hartford Whalers zone.
18:54 of 2nd period - Wrist shot by Alexander Wennberg.
18:54 of 2nd period - Shot Misses the Net.
Goals for this period are 2 for Hartford Whalers vs 0 for Edmonton Oilers.
Shots for this period are 14 for Hartford Whalers vs 20 for Edmonton Oilers.
3rd period
0:01 of 3rd period - Boone Jenner wins face-off versus Alexander Wennberg in neutral zone.
0:31 of 3rd period - Wrist shot by Anthony Duclair.
0:31 of 3rd period - Shot Misses the Net.
1:11 of 3rd period - Wrist shot by Alexander Wennberg.
1:11 of 3rd period - Stopped by Juuse Saros without a rebound.
1:12 of 3rd period - Boone Jenner wins face-off versus Anthony Mantha in Edmonton Oilers zone.
1:25 of 3rd period - Wrist shot by Jamie Benn.
1:25 of 3rd period - Stopped by Anton Forsberg with a rebound.
1:27 of 3rd period - Snap shot by Jamie Benn.
1:27 of 3rd period - Stopped by Anton Forsberg with a rebound.
1:29 of 3rd period - Snap shot by Boone Jenner.
1:29 of 3rd period - Stopped by Anton Forsberg with a rebound.
2:16 of 3rd period - Casey Cizikas is hit by Damon Severson and loses puck.
2:55 of 3rd period - Wrist shot by Taylor Hall.
2:55 of 3rd period - Shot Misses the Net.
4:12 of 3rd period - Haydn Fleury is hit by Anthony Duclair and loses puck.
4:27 of 3rd period - Snap shot by Taylor Hall.
4:27 of 3rd period - Stopped by Juuse Saros without a rebound.
4:28 of 3rd period - Mikael Backlund wins face-off versus Joshua Norris in Edmonton Oilers zone.
4:49 of 3rd period - Snap shot by Mikael Backlund.
4:49 of 3rd period - Goal by Mikael Backlund - Hartford Whalers : 2 - Edmonton Oilers : 2.
4:50 of 3rd period - Alexander Wennberg wins face-off versus Boone Jenner in neutral zone.
5:05 of 3rd period - Snap shot by Alexander Wennberg.
5:05 of 3rd period - Stopped by Juuse Saros without a rebound.
5:06 of 3rd period - Casey Cizikas wins face-off versus Ryan Getzlaf in Edmonton Oilers zone.
5:13 of 3rd period - Snap shot by Paul Byron.
5:13 of 3rd period - Stopped by Juuse Saros with a rebound.
5:39 of 3rd period - Wrist shot by Joshua Norris.
5:39 of 3rd period - Stopped by Juuse Saros without a rebound.
5:40 of 3rd period - Boone Jenner wins face-off versus Joshua Norris in Edmonton Oilers zone.
5:40 of 3rd period - Boone Jenner is hit by Taylor Hall.
5:50 of 3rd period - Snap shot by Jamie Benn.
5:50 of 3rd period - Shot Blocked by Alec Martinez.
6:08 of 3rd period - Off-side.
6:09 of 3rd period - Alexander Wennberg wins face-off versus Mikael Backlund in neutral zone.
6:36 of 3rd period - Trevor van Riemsdyk is hit by Boone Jenner and loses puck.
7:03 of 3rd period - Joshua Norris is hit by Ryan Getzlaf.
7:20 of 3rd period - Icing by Jaccob Slavin.
7:21 of 3rd period - Sean Kuraly wins face-off versus Michael Raffl in Hartford Whalers zone.
7:24 of 3rd period - Wrist shot by Paul Stastny.
7:24 of 3rd period - Stopped by Anton Forsberg with a rebound.
7:26 of 3rd period - Wrist shot by Sean Kuraly.
7:26 of 3rd period - Shot Blocked by Jaccob Slavin.
7:28 of 3rd period - Slapshot by Brett Pesce.
7:28 of 3rd period - Stopped by Anton Forsberg with a rebound.
7:30 of 3rd period - Slapshot by Brett Pesce.
7:30 of 3rd period - Stopped by Anton Forsberg with a rebound.
7:32 of 3rd period - Snap shot by Jakub Voracek.
7:32 of 3rd period - Shot Misses the Net.
7:34 of 3rd period - Wrist shot by Jakub Voracek.
7:34 of 3rd period - Shot Blocked by Jaccob Slavin.
8:18 of 3rd period - Wrist shot by Adrian Kempe.
8:18 of 3rd period - Stopped by Anton Forsberg with a rebound.
9:09 of 3rd period - Duncan Keith is hit by Josh Anderson and loses puck.
9:18 of 3rd period - Backhand shot by Anthony Mantha.
9:18 of 3rd period - Stopped by Juuse Saros with a rebound.
9:36 of 3rd period - Wrist shot by Ryan Getzlaf.
9:36 of 3rd period - Shot Misses the Net.
9:38 of 3rd period - Snap shot by Ryan Getzlaf.
9:38 of 3rd period - Shot Blocked by Jaccob Slavin.
9:40 of 3rd period - Snap shot by Adrian Kempe.
9:40 of 3rd period - Deflect By Ryan Getzlaf.
9:40 of 3rd period - Stopped by Anton Forsberg with a rebound.
10:52 of 3rd period - Wrist shot by Kevin Labanc.
10:52 of 3rd period - Stopped by Juuse Saros with a rebound.
11:28 of 3rd period - Slapshot by Paul Byron.
11:28 of 3rd period - Stopped by Juuse Saros with a rebound.
12:32 of 3rd period - Brett Pesce is hit by Marcus Foligno and loses puck.
12:49 of 3rd period - Jaccob Slavin is hit by Boone Jenner.
13:48 of 3rd period - Wrist shot by Paul Byron.
13:48 of 3rd period - Shot Misses the Net.
13:50 of 3rd period - Slapshot by Jaccob Slavin.
13:50 of 3rd period - Deflect By Alexis Lafreniere.
13:50 of 3rd period - Stopped by Juuse Saros with a rebound.
13:52 of 3rd period - Slapshot by Thomas Chabot.
13:52 of 3rd period - Shot Blocked by Brandon Carlo.
13:54 of 3rd period - Slapshot by Jaccob Slavin.
13:54 of 3rd period - Deflect By Alexis Lafreniere.
13:54 of 3rd period - Stopped by Juuse Saros with a rebound.
13:56 of 3rd period - Slapshot by Thomas Chabot.
13:56 of 3rd period - Stopped by Juuse Saros with a rebound.
13:58 of 3rd period - Slapshot by Alexis Lafreniere.
13:58 of 3rd period - Deflect By Paul Byron.
13:58 of 3rd period - Shot Blocked by Brandon Carlo.
13:58 of 3rd period - Puck is out of play.
13:59 of 3rd period - Boone Jenner wins face-off versus Anthony Mantha in Edmonton Oilers zone.
14:25 of 3rd period - Torey Krug is hit by Adrian Kempe and loses puck.
14:48 of 3rd period - Torey Krug is hit by Sean Kuraly and loses puck.
15:42 of 3rd period - Wrist shot by Cam Atkinson.
15:42 of 3rd period - Shot Blocked by Haydn Fleury.
15:44 of 3rd period - Slapshot by Brandon Carlo.
15:44 of 3rd period - Stopped by Anton Forsberg with a rebound.
16:02 of 3rd period - Wrist shot by Adrian Kempe.
16:02 of 3rd period - Shot Misses the Net.
16:04 of 3rd period - Wrist shot by Adrian Kempe.
16:04 of 3rd period - Deflect By Ryan Getzlaf.
16:04 of 3rd period - Shot Misses the Net.
16:04 of 3rd period - Puck is out of play.
16:05 of 3rd period - Boone Jenner wins face-off versus Michael Raffl in Hartford Whalers zone.
16:12 of 3rd period - Snap shot by Kevin Labanc.
16:12 of 3rd period - Shot Hit the Post.
16:20 of 3rd period - Wrist shot by Cam Atkinson.
16:20 of 3rd period - Stopped by Anton Forsberg with a rebound.
16:22 of 3rd period - Snap shot by Boone Jenner.
16:22 of 3rd period - Shot Blocked by Michael Raffl.
16:53 of 3rd period - Joshua Norris is hit by Alex Iafallo.
17:13 of 3rd period - Wrist shot by Josh Anderson.
17:13 of 3rd period - Deflect By Anthony Mantha.
17:13 of 3rd period - Shot Misses the Net.
17:13 of 3rd period - Puck is out of play.
17:14 of 3rd period - Boone Jenner wins face-off versus Alexander Wennberg in Edmonton Oilers zone.
17:14 of 3rd period - Boone Jenner is hit by Alexander Wennberg.
17:24 of 3rd period - Snap shot by Jamie Benn.
17:24 of 3rd period - Shot Blocked by Josh Anderson.
17:28 of 3rd period - Snap shot by Boone Jenner.
17:28 of 3rd period - Shot Misses the Net.
17:30 of 3rd period - Wrist shot by Cam Atkinson.
17:30 of 3rd period - Stopped by Anton Forsberg without a rebound.
17:31 of 3rd period - Casey Cizikas wins face-off versus Ryan Getzlaf in Hartford Whalers zone.
17:58 of 3rd period - Ryan Getzlaf is hit by Paul Byron and loses puck.
18:09 of 3rd period - Slapshot by Paul Byron.
18:09 of 3rd period - Shot Blocked by Anthony Duclair.
18:11 of 3rd period - Snap shot by Alexis Lafreniere.
18:11 of 3rd period - Stopped by Juuse Saros with a rebound.
18:13 of 3rd period - Wrist shot by Alexis Lafreniere.
18:13 of 3rd period - Shot Misses the Net.
Goals for this period are 0 for Hartford Whalers vs 1 for Edmonton Oilers.
Shots for this period are 12 for Hartford Whalers vs 12 for Edmonton Oilers.
Overtime #1
0:01 of 1st overtime period - Jamie Benn wins face-off versus Taylor Hall in neutral zone.
0:34 of 1st overtime period - Snap shot by Marcus Foligno.
0:34 of 1st overtime period - Shot Misses the Net.
0:51 of 1st overtime period - Off-side.
0:52 of 1st overtime period - Marcus Foligno wins face-off versus Jamie Benn in neutral zone.
1:02 of 1st overtime period - Adrian Kempe is hit by Alec Martinez and loses puck.
1:22 of 1st overtime period - Joshua Norris is hit by Mikael Backlund and loses puck.
1:23 of 1st overtime period - Joshua Norris from Hartford Whalers is injured at 1:23 of 1st overtime period (Left Hip).
1:24 of 1st overtime period - Jamie Benn wins face-off versus Marcus Foligno in Hartford Whalers zone.
4:21 of 1st overtime period - Brandon Carlo is hit by Thomas Chabot and loses puck.
4:38 of 1st overtime period - Brandon Carlo is hit by Alexis Lafreniere and loses puck.
Goals for this period are 0 for Hartford Whalers vs 0 for Edmonton Oilers.
Shots for this period are 0 for Hartford Whalers vs 0 for Edmonton Oilers.
ShootOut
5:00 of 1st overtime period - Round #1.
5:00 of 1st overtime period - Hartford Whalers, Brett Howden.
5:00 of 1st overtime period - Deke by Brett Howden.
5:00 of 1st overtime period - Shot Misses the Net.
5:00 of 1st overtime period - Edmonton Oilers, Boone Jenner.
5:00 of 1st overtime period - Deke by Boone Jenner.
5:00 of 1st overtime period - Shot Hit the Post.
5:00 of 1st overtime period - Round #2.
5:00 of 1st overtime period - Hartford Whalers, Taylor Hall.
5:00 of 1st overtime period - Snap shot by Taylor Hall.
5:00 of 1st overtime period - Stopped by Juuse Saros.
5:00 of 1st overtime period - Edmonton Oilers, Anthony Duclair.
5:00 of 1st overtime period - Wrist shot by Anthony Duclair.
5:00 of 1st overtime period - Goal by Anthony Duclair.
5:00 of 1st overtime period - Round #3.
5:00 of 1st overtime period - Hartford Whalers, Marcus Foligno.
5:00 of 1st overtime period - Deke by Marcus Foligno.
5:00 of 1st overtime period - Shot Misses the Net.
Back to the Top